 Dungeon Crawl Stone Soup version 0.27-a0-291-gd9602db6ee (webtiles) character file.

Game seed: 4105170672417750558

104452 namelastname112 the Spear-Bearer (level 15, -29/208 HPs)
             Began as a Pale Draconian Delver on Feb 9, 2021.
             Was an Initiate of Gozag.
             Annihilated by Useleul's ghost (38 damage)
             ... on level 2 of the Orcish Mines.
             The game lasted 00:40:59 (28680 turns).

namelastname112 the Spear-Bearer (DrDe)            Turns: 28680, Time: 00:40:59

Health: -29/208    AC: 23    Str: 18    XL:     15   Next: 91%
Magic:  15/15      EV: 23    Int: 13    God:    Gozag
Gold:   6089       SH:  5    Dex: 19    Spells: 14/14 levels left

rFire    + . .     SeeInvis .   X - +8 glaive of the Guard {elec, spectral, AC+5}
rCold    + + .     Faith    .   (shield currently unavailable)
rNeg     . . .     Spirit   .   (armour unavailable)
rPois    .         Reflect  +   (helmet restricted)
rElec    +         Harm     .   q - +0 cloak of the Will of the Gods {rF+ rC+}
rCorr    .         Rampage  .   n - +2 pair of gloves {Str+3}
Will     +....                  V - +0 pair of boots (curse)
Stlth    ..........             Y - amulet of Aplirch {Reflect Int+3 Dex-2 SH+5 Stlth+}
HPRegen  0.44/turn              K - +4 ring of protection
MPRegen  0.14/turn              P - +4 ring of slaying

@: berserking (expiring), gold aura, very slightly contaminated, invisible, very
quick
A: breathe steam, unfitting armour, claws 1, agile 1, cold resistance 1,
electricity resistance, cold-blooded, AC +9
a: Breathe Steam, Renounce Religion, Potion Petition, Call Merchant, Bribe
Branch


You were on level 2 of the Orcish Mines.
You worshipped Gozag.
Gozag was greatly pleased with you.
You visited 5 branches of the dungeon, and saw 25 of its levels.
You also visited: Ossuary, Bailey, Gauntlet and Ice Cave.

You collected 9441 gold pieces.
You spent 2469 gold pieces at shops.
You paid 883 gold pieces to Gozag.

Inventory:

Hand Weapons
 y - a +2 vampiric demon trident
 H - a +0 scimitar of flaming
 X - the +8 glaive of the Guard (weapon) {elec, spectral, AC+5}
   (You bought it in a shop on level 11 of the Dungeon)

   Occasionally, upon striking a foe, it can discharge electrical energy and
   cause terrible harm.
   It retains the spirit of the tree from which it was made.
   In the hands of one skilled in evocations this spirit is drawn out to fight
   along side the wielder.
   It affects your AC (+5).
Missiles
 F - a throwing net (quivered)
Armour
 n - a +2 pair of gloves of strength (worn)
 q - the +0 cloak of the Will of the Gods (worn) {rF+ rC+}
   (You found it in a Gauntlet)

   It protects you from fire.
   It protects you from cold.
 V - a cursed +0 pair of boots (worn)
Jewellery
 r - an uncursed amulet of reflection {unknown}
 t - an uncursed ring of resist corrosion
 v - an uncursed ring of protection from fire
 w - an uncursed amulet of guardian spirit {unknown}
 x - a +4 ring of evasion
 K - a +4 ring of protection (left hand)
 P - a +4 ring of slaying (right hand)
 Y - the amulet of Aplirch (around neck) {Reflect Int+3 Dex-2 SH+5 Stlth+}
   (You found it in an ice cave)

   [amulet of reflection]

   It shields you and reflects attacks.
   It affects your intelligence (+3).
   It affects your dexterity (-2).
   It affects your SH (+5).
   It makes you more stealthy.
Wands
 f - a wand of digging (12)
 i - a wand of flame (38)
 j - a wand of polymorph (16)
 A - a wand of iceblast (15)
 B - a wand of paralysis (39)
 D - a wand of acid (11)
 O - a wand of charming (9)
 U - a wand of random effects (31)
Scrolls
 a - 5 scrolls of identify
 b - 10 scrolls of fog
 k - 3 scrolls of teleportation
 l - 6 scrolls of immolation
 o - 8 scrolls of remove curse
 s - 4 scrolls of magic mapping
 u - 2 scrolls of enchant weapon
 E - 2 scrolls of blinking
 I - 2 scrolls of fear
 Q - 2 scrolls of amnesia
 R - 3 scrolls of vulnerability
 S - 2 scrolls of brand weapon
 T - 2 scrolls of enchant armour
Potions
 c - 7 potions of flight
 d - a potion of ambrosia
 e - 4 potions of haste
 g - 4 potions of curing
 h - a potion of might
 m - a potion of cancellation
 p - 3 potions of invisibility
 z - 3 potions of magic
 J - 2 potions of brilliance
 L - a potion of attraction
 M - a potion of berserk rage
 W - a potion of resistance
Miscellaneous
 C - a tin of tremorstones (2/2)
 G - a lightning rod (4/4)


   Skills:
 + Level 14.5 Fighting
 - Level 9.5 Long Blades
 + Level 14.6 Polearms
 + Level 12.4 Dodging
 - Level 10.0 Stealth
 + Level 11.2 Evocations


You had 14 spell levels left.
You didn't know any spells.
Your spell library contained the following spells:

 Spells                   Type           Power        Failure   Level
 Corona                   Hex            0%           30%         1
 Magic Dart               Conj           0%           30%         1
 Sandblast                Erth           0%           30%         1
 Shock                    Conj/Air       0%           30%         1
 Sting                    Tmut/Pois      0%           30%         1
 Blink                    Tloc           N/A          43%         2
 Call Imp                 Summ           0%           43%         2
 Ensorcelled Hibernation  Hex/Ice        0%           43%         2
 Passwall                 Tmut/Erth      0%           43%         2
 Slow                     Hex            0%           43%         2
 Sublimation of Blood     Necr           0%           43%         2
 Swiftness                Air            0%           43%         2
 Confusing Touch          Hex            0%           67%         3
 Conjure Flame            Conj/Fire      0%           67%         3
 Dazzling Flash           Conj/Hex       0%           67%         3
 Gell's Gravitas          Tloc           0%           67%         3
 Ignite Poison            Fire/Tmut/Pois 0%           67%         3
 Inner Flame              Hex/Fire       0%           67%         3
 Lesser Beckoning         Tloc           0%           67%         3
 Mephitic Cloud           Conj/Pois/Air  0%           67%         3
 Static Discharge         Conj/Air       0%           67%         3
 Stone Arrow              Conj/Erth      0%           67%         3
 Teleport Other           Tloc           0%           67%         3
 Tukima's Dance           Hex            0%           67%         3
 Airstrike                Air            0%           97%         4
 Passage of Golubria      Tloc           N/A          97%         4
 Petrify                  Tmut/Erth      0%           97%         4
 Alistair's Intoxication  Tmut/Pois      0%           100%        5
 Irradiate                Conj/Tmut      0%           100%        5
 Lee's Rapid Deconstruct  Erth           0%           100%        5
 Lightning Bolt           Conj/Air       0%           100%        5
 Eringya's Noxious Bog    Tmut/Pois      0%           100%        6
 Hydra Form               Tmut           0%           100%        6
 Invisibility             Hex            0%           100%        6
 Statue Form              Tmut/Erth      0%           100%        6
 Dragon Form              Tmut           0%           100%        7


Dungeon Overview and Level Annotations

Branches:
Dungeon (15/15)            Temple (1/1) D:6            Lair (6/6) D:10
  Swamp (0/4) Lair:3       Spider (1/4) Lair:2        Slime (0/5) Lair:6
    Orc (2/2) D:12            Elf (0/3) Orc:2        Vaults (0/5) D:13
 Depths (0/5) D:15        Ossuary (visited)          Bailey (visited)
  IceCv (visited)         Gauntlet (visited)

Altars:
Ashenzari
Cheibriados
Dithmenos
Elyvilon
Fedhas
Gozag
Hepliaklqana
Kikubaaqudgha
Makhleb
Nemelex Xobeh
Okawaru
Qazlal
Ru
Sif Muna
Trog
Uskayaw
Vehumet
Wu Jian
Xom
Yredelemnul
Zin
The Shining One
Beogh

Shops:
D:9 (   D:11 (   D:14 ((*   Orc:2 ?*([

Portals:
Trove: D:12 (give +2 gold dragon scales)

Annotations:
Orc:2 Useleul's ghost, adept KoBe


Innate Abilities, Weirdness & Mutations

You can breathe blasts of scalding, opaque steam.
Your pale cyan-grey scales are hard. (AC +9)
You cannot fit into any form of body armour.
You are cold-blooded and may be slowed by cold attacks.
You have sharp fingernails.
You are agile. (Dex +2)
Your flesh is cold resistant. (rC+)
You are resistant to electric shocks. (rElec)


Message History

You chop Useleul's ghost into pieces!!!
Lightning courses through Useleul's ghost!!!
Your tail-slap misses Useleul's ghost!
Useleul's ghost is heavily damaged!
Useleul's ghost hits you!!! * * * don't die
* * * You take 17 damage, and have 8/208 hp!
You barely miss Useleul's ghost!
Useleul's ghost is heavily damaged!
Useleul's ghost hits you but does no damage!
You miss Useleul's ghost!
Useleul's ghost is heavily damaged!
You carve Useleul's ghost like a ham! You tail-slap Useleul's ghost!
Useleul's ghost is heavily damaged!
Useleul's ghost closely misses you!
You completely miss Useleul's ghost!
Useleul's ghost is heavily damaged!
Useleul's ghost hits you!!!!!!!!! rip Your body crumbles into a pile of gold!

...)...........##
...))...........#
..))......oQ....#
...........#WN.##
....#..........##
................##
#...#.###.##...#.##
####### #########W#
#@## ###


You could see Useleul's ghost.

Vanquished Creatures
  Kirke (D:15)
  3 orc warlords
  The ghost of Huifron the Martial Artist, a journeyman GnTm of Cheibriados (D:13)
  4 dire elephants (Lair:6)
  A minotaur (Gauntlet)
  2 ice dragons (IceCv)
  Harold (D:7)
  A hell beast (Gauntlet)
  8 vault guards (D:13)
  An ogre mage (D:15)
  8 hydras
  The ghost of Paazun the Martial Artist, a journeyman OpTm of Gozag (Lair:1)
  2 centaur warriors
  2 boulder beetles (D:13)
  An anaconda (Lair:6)
  2 catoblepae
  Erica (D:10)
  10 two-headed ogres
  11 death yaks
  Urug (Lair:1)
  3 orc high priests
  A sun demon (D:15)
  4 unseen horrors
  2 wizards (D:15)
  6 orc knights
  Pikel (D:5)
  A wolf spider (D:15)
  2 manticores (D:13)
  5 orc sorcerers
  4 ugly things
  4 elephants (Lair:6)
  A moth of wrath (Gauntlet)
  3 cyclopes
  Maurice (D:8)
  6 black mambas
  2 ice statues (IceCv)
  An eye of devastation (Gauntlet)
  3 gargoyles (D:15)
  13 cane toads
  6 rime drakes
  An efreet (D:15)
  9 komodo dragons
  An ice devil (D:15)
  3 polar bears
  5 trolls
  3 meliai (D:13)
  A hornet (D:12)
  Prince Ribbit (Lair:1)
  4 slime creatures
  23 blink frogs
  5 redbacks
  A shadow (D:12)
  A wraith (D:12)
  2 basilisks
  3 hogs (D:15)
  3 wyverns
  30 yaks
  A vampire (D:13)
  Grum (D:8)
  2 golden eyes (Gauntlet)
  2 swamp worms (Lair:3)
  5 wargs
  2 acid dragons
  16 water moccasins
  16 ice beasts
  42 orc warriors
  5 sky beasts
  2 eyes of draining
  A necrophage (D:12)
  2 black bears
  7 wolves
  12 ogres
  9 centaurs
  2 lemures (D:5)
  2 kobold brigands
  14 bullfrogs
  4 scorpions
  A wyvern skeleton (D:10)
  4 howler monkeys
  21 wights
  11 electric eels
  2 crimson imps (D:15)
  A human zombie (Ossuary)
  A bullfrog zombie (D:12)
  2 centaur zombies
  2 centaur skeletons
  10 hounds
  2 bullfrog skeletons
  2 jellies
  29 orc priests
  Jessica (D:2)
  2 iguanas
  25 orc wizards
  10 worker ants
  A hound skeleton (D:6)
  3 mummies (Ossuary)
  3 worker ant zombies
  7 gnolls
  13 adders
  5 shadow imps
  21 white imps
  4 ufetubi
  4 adder zombies (Ossuary)
  3 worms
  2 dart slugs
  7 leopard geckos
  100 orcs
  7 bats
  5 giant cockroaches
  19 goblins
  11 hobgoblins
  6 jackals
  21 kobolds
  5 frilled lizards
  A goblin zombie (Ossuary)
  4 hobgoblin zombies (Ossuary)
  A jackal zombie (D:7)
  A kobold zombie (Ossuary)
  A leopard gecko skeleton (D:4)
  A leopard gecko zombie (D:7)
  A quokka skeleton (D:4)
  6 quokka zombies
  4 rats
  2 rat zombies (Ossuary)
  A spectral orc (D:9)
770 creatures vanquished.

Vanquished Creatures (others)
  2 humans (D:15)
  A crimson imp (D:15)
  A goblin (Bailey)
  40 fungi
  32 plants
76 creatures vanquished.

Grand Total: 846 creatures vanquished

Notes
Turn   | Place    | Note
-------+----------+-------------------------------------------
     0 | D:5      | namelastname112 the Draconian Delver began the quest for
                  | the Orb.
     0 | D:5      | Reached XP level 1. HP: 19/19 MP: 1/1
    88 | D:5      | Reached XP level 2. HP: 11/26 MP: 2/2
   723 | D:6      | Noticed a centaur
   828 | D:5      | Found a radiant altar of Vehumet.
   859 | D:5      | Gained mutation: You have sharp fingernails. [potion of
                  | mutation]
   859 | D:5      | Gained mutation: You are agile. (Dex +2) [potion of
                  | mutation]
   859 | D:5      | Gained mutation: Your flesh is cold resistant. (rC+)
                  | [potion of mutation]
   859 | D:5      | Gained mutation: You are resistant to electric shocks.
                  | (rElec) [potion of mutation]
   859 | D:5      | HP: 1/27 [shadow imp (1)]
   861 | D:5      | Reached XP level 3. HP: 26/33 MP: 3/3
   869 | D:5      | Noticed an ice beast
   935 | D:4      | Reached XP level 4. HP: 36/40 MP: 4/4
   955 | D:4      | Found a sand-covered staircase.
   957 | D:4      | Noticed Blork the orc
   961 | Ossuary  | Entered an ossuary
   969 | Ossuary  | Reached skill level 5 in Stealth
  1306 | Ossuary  | Reached XP level 5. HP: 9/46 MP: 5/5
  1772 | D:4      | Noticed Blork
  1772 | D:4      | Blork the orc changed into Blork the worm
  1777 | D:4      | Killed Blork the worm
  2219 | D:2      | Noticed Jessica
  2222 | D:2      | Killed Jessica
  3489 | D:3      | Reached XP level 6. HP: 53/53 MP: 6/6
  4236 | D:3      | Reached skill level 5 in Fighting
  4742 | D:4      | Your scales start taking on a pale cyan-grey colour.
  4742 | D:4      | Reached XP level 7. HP: 61/61 MP: 7/7
  5161 | D:5      | Noticed Pikel
  5171 | D:5      | Paralysed by Pikel for 4 turns
  5181 | D:5      | Killed Pikel
  5182 | D:5      | Reached skill level 5 in Long Blades
  5182 | D:5      | Reached XP level 8. HP: 70/70 MP: 8/8
  5202 | D:5      | You fall into a shaft and drop 3 floors!
  5214 | D:8      | Noticed Grum
  5270 | D:7      | Noticed Harold
  5395 | D:7      | Reached skill level 5 in Dodging
  5426 | D:7      | Found a burning altar of Makhleb.
  5427 | D:7      | Found an ornate altar of the Wu Jian Council.
  5428 | D:7      | Found a shimmering altar of Xom.
  5681 | D:6      | Found a staircase to the Ecumenical Temple.
  5762 | Temple   | Entered the Ecumenical Temple
  5898 | Temple   | Became a worshipper of Gozag Ym Sagoz the Greedy
  5935 | D:6      | Found a glowing silver altar of Zin.
  6075 | D:6      | Found a hide-covered altar of Uskayaw.
  6075 | D:6      | Found a shadowy altar of Dithmenos.
  6139 | D:6      | Found a bloodstained altar of Trog.
  6527 | D:7      | Reached XP level 9. HP: 79/79 MP: 9/9
  6662 | D:7      | Found a stormy altar of Qazlal.
  6662 | D:7      | Found a blossoming altar of Fedhas.
  6668 | D:7      | Found a sacrificial altar of Ru.
  6670 | D:7      | Found a faded altar of an unknown god.
  6672 | D:7      | Found a faded altar of an unknown god.
  7047 | D:7      | Killed Harold
  7458 | D:8      | Noticed Maurice
  7472 | D:8      | Killed Maurice
  7567 | D:8      | Noticed a two-headed ogre
  7588 | D:8      | Killed a two-headed ogre
  7589 | D:8      | Reached XP level 10. HP: 70/90 MP: 10/10
  7808 | D:8      | Killed Grum
  7941 | D:8      | Got a dazzling whip
  7942 | D:8      | Identified the +8 whip of Gunoclyu {vorpal, MP+9 Int+2
                  | Dex+4} (You found it on level 8 of the Dungeon)
  8303 | D:9      | Found Aleuvaet's Weapon Emporium.
  8362 | D:9      | Noticed a two-headed ogre
  8377 | D:9      | Killed a two-headed ogre
  8441 | D:9      | Found a basalt altar of Yredelemnul.
  8916 | D:9      | Noticed a two-headed ogre
  8929 | D:9      | Killed a two-headed ogre
  9341 | D:10     | Entered Level 10 of the Dungeon
  9367 | D:10     | Found a staircase to the Lair.
  9745 | D:10     | Reached XP level 11. HP: 83/99 MP: 11/11
  9756 | D:10     | Reached skill level 10 in Fighting
  9859 | D:10     | Killed an unseen horror
 10002 | D:10     | Noticed Erica
 10017 | D:10     | Killed Erica
 10181 | D:10     | Reached skill level 10 in Stealth
 10590 | D:11     | Noticed a two-headed ogre
 10602 | D:11     | Killed a two-headed ogre
 10603 | D:11     | Reached skill level 1 in Evocations
 11037 | D:11     | Noticed a two-headed ogre
 11051 | D:11     | Killed a two-headed ogre
 11337 | D:11     | Got a masterwork dagger
 11338 | D:11     | Identified the cursed +0 dagger "Acarine's Undoing"
                  | {vorpal, rN++ Will-} (You found it on level 11 of the
                  | Dungeon)
 11449 | Lair:1   | Entered Level 1 of the Lair of Beasts
 11451 | Lair:1   | Noticed Prince Ribbit
 11470 | Lair:1   | Killed Prince Ribbit
 11483 | Lair:1   | Reached skill level 1 in Polearms
 11838 | Lair:1   | Found a large runed translucent door.
 12095 | Lair:1   | Found a large runed translucent door.
 12099 | Lair:1   | Noticed Paazun's ghost (journeyman OpTm)
 12131 | Lair:1   | Noticed Urug
 12190 | Lair:1   | Killed Urug
 12579 | Lair:2   | Noticed a five-headed hydra
 12589 | Lair:2   | Killed a five-headed hydra
 12704 | Lair:2   | Reached XP level 12. HP: 72/110 MP: 12/12
 12711 | Lair:2   | Reached skill level 5 in Polearms
 12964 | Lair:2   | Noticed a six-headed hydra
 12975 | Lair:2   | Killed a two-headed hydra
 13419 | Lair:2   | Found a hole to the Spider Nest.
 13546 | Lair:2   | epen: Ахахаха
 13576 | Lair:2   | epen: Лох драконий
 13688 | Lair:2   | epen: пикни нормальную расу
 14852 | Lair:3   | Noticed a catoblepas
 15051 | Lair:3   | Reached skill level 10 in Polearms
 15090 | Lair:3   | Noticed a death yak
 15091 | Lair:3   | Noticed a death yak
 15092 | Lair:3   | Noticed a death yak
 15093 | Lair:3   | Noticed a death yak
 15126 | Lair:3   | Noticed a death yak
 15150 | Lair:3   | Killed a death yak
 15151 | Lair:3   | Killed a death yak
 15153 | Lair:3   | Killed a death yak
 15162 | Lair:3   | Killed a death yak
 15333 | Lair:3   | Killed a catoblepas
 15475 | Lair:3   | Killed a death yak
 15622 | Lair:3   | Found a staircase to the Swamp.
 15831 | Lair:3   | Reached XP level 13. HP: 116/116 MP: 13/13
 15968 | D:11     | Bought the +8 glaive of the Guard {elec, spectral, AC+5}
                  | for 1010 gold pieces
 15968 | D:11     | Found the +8 glaive of the Guard {elec, spectral, AC+5}
 16221 | Lair:1   | Killed Paazun's ghost
 16262 | Spider:1 | Entered Level 1 of the Spider Nest
 17019 | Lair:4   | Reached skill level 5 in Evocations
 17088 | Lair:4   | You fall into a shaft and drop 2 floors!
 17088 | Lair:6   | Entered Level 6 of the Lair of Beasts
 17392 | Lair:6   | Reached skill level 10 in Dodging
 17486 | Lair:6   | Found a staircase to the Slime Pits.
 18022 | Lair:5   | Found a frozen archway.
 18050 | IceCv    | Entered an ice cave
 18259 | IceCv    | Reached XP level 14. HP: 79/126 MP: 14/14
 18378 | IceCv    | Got a twitching graven amulet
 18673 | IceCv    | Identified the amulet of Aplirch {Reflect Int+3 Dex-2 SH+5
                  | Stlth+} (You found it in an ice cave)
 20254 | Lair:6   | Identified the Tome of Ignition and Poisoning
 20853 | D:12     | Found a gate leading to a gauntlet.
 20887 | Gauntlet | Entered a Gauntlet
 20887 | Gauntlet | Found a transporter.
 20887 | Gauntlet | Found a transporter.
 20891 | Gauntlet | Found a transporter.
 20891 | Gauntlet | Found a transporter.
 20902 | Gauntlet | Found a transporter.
 20905 | Gauntlet | Found a transporter.
 20911 | Gauntlet | Found a transporter.
 20911 | Gauntlet | Found a transporter.
 20915 | Gauntlet | Found a transporter.
 20917 | Gauntlet | Found a large runed translucent door.
 20954 | Gauntlet | Found a transporter.
 20982 | Gauntlet | Found a transporter.
 21032 | Gauntlet | Found a transporter.
 21050 | Gauntlet | Found a transporter.
 21159 | Gauntlet | Found a transporter.
 21176 | Gauntlet | Found a transporter.
 21178 | Gauntlet | Found a large runed translucent door.
 21178 | Gauntlet | Found a large runed translucent door.
 21179 | Gauntlet | Found a large runed translucent door.
 21179 | Gauntlet | Found a large runed translucent door.
 21180 | Gauntlet | Found a large runed translucent door.
 21180 | Gauntlet | Found a large runed translucent door.
 21180 | Gauntlet | Found a runed translucent door.
 21180 | Gauntlet | Found a runed translucent door.
 21180 | Gauntlet | Found a large runed translucent door.
 21180 | Gauntlet | Found a large runed translucent door.
 21181 | Gauntlet | Found a large runed translucent door.
 21181 | Gauntlet | Found a large runed translucent door.
 21186 | Gauntlet | Found a large runed translucent door.
 21186 | Gauntlet | Found a large runed translucent door.
 21187 | Gauntlet | Found a large runed translucent door.
 21187 | Gauntlet | Found a large runed translucent door.
 21187 | Gauntlet | Found a large runed translucent door.
 21190 | Gauntlet | Found a runed translucent gate.
 21190 | Gauntlet | Found a runed translucent gate.
 21190 | Gauntlet | Found a runed translucent gate.
 21192 | Gauntlet | Found a transporter.
 21394 | Gauntlet | Got a distressingly furry cloak
 21405 | Gauntlet | Identified the cursed +0 cloak of the Will of the Gods {rF+
                  | rC+} (You found it in a Gauntlet)
 21658 | Gauntlet | Identified the cursed +0 kite shield "Ponauc" {Str+4}
 22220 | D:12     | Found a staircase to the Orcish Mines.
 22316 | D:12     | Found a portal to a secret trove of treasure.
 22863 | D:13     | Found a gate to the Vaults.
 22932 | D:13     | Found a large runed translucent door.
 22932 | D:13     | Found a large runed translucent door.
 23744 | D:13     | Reached XP level 15. HP: 115/136 MP: 15/15
 23948 | D:13     | Noticed Huifron's ghost (journeyman GnTm)
 23963 | D:13     | Killed Huifron's ghost
 24008 | D:14     | Found Ohonujui's Antique Weapon Emporium.
 24013 | D:14     | Found Bacamogg's Antique Weapon Shoppe.
 24035 | D:14     | Found a flagged portal.
 24044 | Bailey   | Entered a bailey
 24090 | Bailey   | Found an iron altar of Okawaru.
 24412 | Bailey   | Acquired 1118 gold pieces
 24744 | D:14     | Found an opulent altar of Gozag.
 24808 | D:14     | Found Lionyn's Assorted Antiques.
 24816 | D:14     | Bought a pink potion for 34 gold pieces
 24816 | D:14     | Bought a ring of fire for 950 gold pieces
 24816 | D:14     | Bought a pair of runed boots for 285 gold pieces
 24824 | D:14     | Bought a steaming wooden ring for 190 gold pieces
 24824 | D:14     | Identified the ring of Arrival {Ice Slay+3} (You bought it
                  | in a shop on level 14 of the Dungeon)
 24959 | D:14     | Found a broken altar of Ashenzari.
 24967 | D:14     | Reached skill level 10 in Evocations
 25054 | D:15     | Entered Level 15 of the Dungeon
 25083 | D:15     | Found a sparkling altar of Nemelex Xobeh.
 25194 | D:15     | Noticed Kirke
 25204 | D:15     | Noticed a sphinx
 25217 | D:15     | Killed Kirke
 25522 | D:15     | Paralysed by an orc sorcerer for 5 turns
 25663 | D:15     | Found a staircase to the Depths.
 26322 | Orc:1    | Entered Level 1 of the Orcish Mines
 26362 | Orc:1    | Found a roughly hewn altar of Beogh.
 26434 | Orc:1    | Noticed an orc warlord
 26451 | Orc:1    | Killed an orc warlord
 27240 | Orc:2    | Entered Level 2 of the Orcish Mines
 27311 | Orc:2    | Found a staircase to the Elven Halls.
 27498 | Orc:2    | Found a roughly hewn altar of Beogh.
 27499 | Orc:2    | Found Suzaitee's Magic Scroll Shop.
 27676 | Orc:2    | Found a roughly hewn altar of Beogh.
 27697 | Orc:2    | Found Okhuhyoff's General Store.
 27814 | Orc:2    | Noticed an orc warlord
 27864 | Orc:2    | Killed an orc warlord
 27896 | Orc:2    | Found Gatzokekh's Antique Armour Emporium.
 27897 | Orc:2    | Found a roughly hewn altar of Beogh.
 27900 | Orc:2    | Found Sel Dol's Antique Weapon Shoppe.
 28006 | Orc:2    | Found a roughly hewn altar of Beogh.
 28031 | Orc:2    | Found a roughly hewn altar of Beogh.
 28160 | Orc:2    | Found a roughly hewn altar of Beogh.
 28228 | Orc:2    | Found a roughly hewn altar of Beogh.
 28313 | Orc:2    | Found a runed translucent gate.
 28315 | Orc:2    | Found a runed translucent gate.
 28340 | Orc:2    | Found an iron altar of Okawaru.
 28340 | Orc:2    | Found a runed translucent gate.
 28340 | Orc:2    | Noticed Useleul's ghost (adept KoBe)
 28340 | Orc:2    | Noticed an orc warlord
 28342 | Orc:2    | Found the +8 arc blade {discharge, rElec}
 28638 | Orc:2    | Killed an orc warlord
 28676 | Orc:2    | HP: 8/208 [Useleul's ghost (17)]
 28680 | Orc:2    | Annihilated by Useleul's ghost

Illustrated notes

Levels and vault maps discovered:
D:1:      lightli_arrival_statue_moat, layout_rooms, minmay_misc_feat_room
D:2:      layout_basic, uniq_jessica
D:3:      minmay_angry_zag, layout_loops_corners
D:4:      layout_rooms, lightli_ossuary_entry_decrepit_ruins, uniq_blork_the_orc
D:5:      layout_loops_corners, basic_altar, kennysheep_small_spiral,
          uniq_pikel, uniq_crazy_yiuf_cottage
D:6:      layout_rooms, lemuel_coloured_pillars_altar,
          gammafunk_temple_overflow_pools, lemuel_round_altar,
          minmay_temple_entry_butterflies
D:7:      kennysheep_six_static_rooms, layout_layer_cave,
          chequers_temple_overflow_statue_of_worship,
          chequers_temple_overflow_minitemple, serial_glass, glass_columns_b,
          glass_columns_b, item_on_display_a, item_on_display_a,
          minmay_strange_pillars, uniq_harold
D:8:      layout_gridville, uniq_grum, uniq_maurice
D:9:      layout_small_grid, yredelemnul_forgotten_temple_becter, serial_shops,
          shop
D:10:     layout_roguey, erik_lair_island, minmay_orc_keep, uniq_erica
D:11:     layout_long_grid
D:12:     layout_rooms, orc_0_dummy, nicolae_trove_entry_columns,
          gauntlet_entry_generic, st_stairs_10
D:13:     layout_long_grid, erik_vaults_2, ebering_ghost_disaster_area
D:14:     layout_big_octagon, serial_shops, kennysheep_mini, shop,
          nicolae_shop_overgrown_old_shop, evilmike_ruin_ashenzari,
          enter_bailey_3, grunt_gozag_breadcrumbs
D:15:     grunt_enter_depths_magical_seal, layout_long_grid, basic_altar,
          grunt_decor_one_mirror, minmay_fire_ice_demons, uniq_kirke
Temple:   jpeg_temple_clearing
Lair:1:   layout_regular_city, ebering_ghost_disaster_area,
          serial_bayou_shore_b, uniq_urug, uniq_prince_ribbit2
Lair:2:   layout_concentric_octagons, spider_nest_entry_webs, minivault_23
Lair:3:   layout_roguey, nicolae_swamp_entry_splash_gauntlet,
          grunt_megastairs_2, serial_bayou_shore_a
Lair:4:   layout_cave_pods, st_stairs_3
Lair:5:   layout_roguey, portal_ice_cave_entry_imps,
          chequers_serial_rivers_micro_d
Lair:6:   due_jungle_book, layout_misc_corridors, slime_dummy,
          infiniplex_staircase_pool_2
Spider:1: layout_spider_delve, ebering_ghost_disaster_area
Orc:1:    layout_caves, basic_altar
Orc:2:    grunt_orc_community_town_hall, layout_caves,
          grunt_orc_community_big_house_1, grunt_orc_community_big_house_2,
          grunt_orc_community_house_2, grunt_orc_community_house_2,
          grunt_orc_community_house_3, grunt_orc_community_house_2,
          grunt_orc_community_house_1, gammafunk_ghost_fury_of_okawaru

Skill      XL: |  1  2  3  4  5  6  7  8  9 10 11 12 13 14 15 |
---------------+----------------------------------------------+-----
Dodging        | 2 3 4 5 6 8 9 10 11 12 | 12.4
Fighting       | 4 5 6 7 8 9 11 12 13 14 | 14.5
Stealth        | 5 6 7 8 9 10 | 10.0
Long Blades    | 3 4 5 6 7 8 9 |  9.5
Evocations     | 3 7 9 11 | 11.2
Polearms       | 4 11 12 13 14 | 14.6

Action                   |  1- 3 |  4- 6 |  7- 9 | 10-12 | 13-15 || total
-------------------------+-------+-------+-------+-------+-------++-------
Melee: Falchion          |    50 |   288 |   101 |       |       ||   439
       Tailslap          |     7 |    44 |    48 |   150 |   126 ||   375
       Scimitar          |       |       |   122 |   340 |    35 ||   497
       Whip              |       |       |       |   384 |       ||   384
       Unarmed           |       |       |       |    21 |       ||    21
       Glaive            |       |       |       |       |   795 ||   795
Invok: Call Merchant     |       |       |       |     1 |       ||     1
 Abil: Breathe Steam     |       |       |    15 |    49 |    16 ||    80
Evoke: Wand              |       |    17 |     3 |     7 |     5 ||    32
       Lightning rod     |       |       |       |       |     2 ||     2
  Use: Potion            |     2 |     2 |       |     1 |     4 ||     9
       Scroll            |       |    10 |     1 |     9 |    19 ||    39
 Stab: Sleeping          |     3 |    23 |    12 |    24 |    50 ||   112
       Distracted        |       |       |       |     4 |    12 ||    16
Armor: Skin              |    10 |    69 |    74 |   250 |   131 ||   534
Dodge: Dodged            |    34 |   203 |   165 |   855 |   434 ||  1691
Block: Other             |       |       |       |       |    79 ||    79
       Reflection        |       |       |       |       |    10 ||    10
       Rpst.: Falchion   |    15 |    62 |    26 |       |       ||   103
       Scimitar          |       |       |    24 |    89 |     5 ||   118

Table legend: (Time is in decaauts)
 A = Elapsed time spent in this place.
 B = Non-inter-level travel time spent in this place.
 C = Inter-level travel time spent in this place.
 D = Time resting spent in this place.
 E = Time spent auto-exploring this place.
 F = Levels seen in this place.
 G = Mean time per level.
                   A        B        C        D        E       F      G
               +--------+--------+--------+--------+--------+-----+--------+
         Total |  28837 |  27496 |   1341 |   4932 |  16106 |  29 |  994.4 |
       Dungeon |  15181 |  14426 |    755 |   2466 |   8678 |  15 | 1012.1 |
        Temple |    145 |    120 |     25 |      0 |    118 |   1 |  145.0 |
          Lair |   8492 |   7948 |    544 |   1566 |   4946 |   6 | 1415.3 |
   Spider Nest |      1 |      1 |      0 |      0 |      0 |   1 |    1.0 |
  Orcish Mines |   1997 |   1980 |     17 |      9 |   1436 |   2 |  998.5 |
       Ossuary |    814 |    814 |      0 |    455 |    143 |   1 |  814.0 |
        Bailey |    543 |    543 |      0 |      2 |    355 |   1 |  543.0 |
      Ice Cave |    626 |    626 |      0 |     29 |    426 |   1 |  626.0 |
      Gauntlet |   1034 |   1034 |      0 |    405 |      4 |   1 | 1034.0 |
               +--------+--------+--------+--------+--------+-----+--------+

Top non-repeatable levels by time:
  Lair:3: 1919 daAuts
  Lair:2: 1597 daAuts
     D:7: 1589 daAuts
  Lair:6: 1585 daAuts
    D:12: 1444 daAuts
   Orc:2: 1433 daAuts
     D:9: 1366 daAuts
  Lair:1: 1274 daAuts
     D:3: 1259 daAuts
    D:15: 1211 daAuts
    D:10: 1153 daAuts
  Lair:5: 1111 daAuts
    D:11: 1065 daAuts
    D:13: 1048 daAuts
Gauntlet: 1034 daAuts
